 Dungeon Crawl Stone Soup version 0.31.0-11-ge490571c62 (webtiles) character file.

Game seed: 3012030945119113826

45104 Fodor the Severer (level 13, -15/122 HPs)
             Began as a Minotaur Fighter on Feb 4, 2024.
             Was an Initiate of Gozag.
             Killed from afar by a deep elf sorcerer (48 damage)
             ... with a bolt of acid
             ... on level 1 of the Elven Halls on Feb 5, 2024.
             The game lasted 01:19:55 (13340 turns).

Fodor the Severer (Minotaur Fighter)               Turns: 13340, Time: 01:19:55

Health: -15/122    AC: 34    Str: 31    XL:     13   Next: 99%
Magic:  12/12      EV: 15    Int:  8    God:    Gozag
Gold:   1029       SH:  5    Dex: 10    Spells: 12/12 levels left

rFire   + . .        M - +1 battleaxe (heavy)
rCold   . . .        (shield currently unavailable)
rNeg    + . .        A - +14 chain mail "Bumoucze" {rPois}
rPois   +            g - +2 hat
rElec   +            e - scarf of Vampiric Thralls {+Inv, rN+ Regen+ Str-3 SInv}
rCorr   .            u - +2 pair of gloves
SInv    +            a - +2 pair of slick slippers {slick, slippery, EV+4}
Will    .....        J - amulet of Foolhardiness {Reflect rElec rF+ Str+2 SH+5} Stlth
                     E - ring "Odaedenk" {Str+6 Int+3}
HPRegen 1.20/turn    C - ring of see invisible
MPRegen 0.13/turn

%: reflection
@: no status effects
A: horns 2, retaliatory headbutt
a: Renounce Religion, Evoke Invisibility, Potion Petition, Call Merchant, Bribe
Branch


You were on level 1 of the Elven Halls.
You worshipped Gozag.
Gozag was most pleased with you.
You visited 4 branches of the dungeon, and saw 14 of its levels.

You collected 3945 gold pieces.
You spent 2016 gold pieces at shops.
You paid 900 gold pieces to Gozag.

Inventory:

Hand Weapons
 c - a +0 arbalest
 D - a +1 broad axe
 M - a +1 heavy battleaxe (weapon)
Missiles
 z - 30 boomerangs (quivered)
Armour
 a - the +2 pair of slick slippers (worn) {slick, slippery, EV+4}
   (You bought it in a shop on level 10 of the Dungeon)

   Slick:     Its wearer cannot be constricted, engulfed, netted or webbed.
   Slippery:  Its wearer slips away from damaging melee attacks, pulling the
   attacker onward.
   EV+4:      It affects your evasion (+4).
 e - the scarf of Vampiric Thralls (worn) {+Inv, rN+ Regen+ Str-3 SInv}
   (You acquired it on level 10 of the Dungeon)

   Str-3:     It affects your strength (-3).
   rN+:       It protects you from negative energy.
   SInv:      It lets you see invisible.
   Regen+:    It increases your rate of health regeneration.
 g - a +2 hat (worn)
 u - a +2 pair of gloves (worn)
 A - the +14 chain mail "Bumoucze" (worn) {rPois}
   (You took it off an orc on level 5 of the Dungeon)

   rPois:     It protects you from poison
 H - a +0 pair of gloves of stealth
Jewellery
 n - a ring of flight
 s - a ring of fire
 C - a ring of see invisible (right hand)
 E - the ring "Odaedenk" (left hand) {Str+6 Int+3}
   (You bought it in a shop on level 2 of the Orcish Mines)

   [ring of strength]

   Str+6:     It affects your strength (+6).
   Int+3:     It affects your intelligence (+3).
 J - the amulet of Foolhardiness (around neck) {Reflect rElec rF+ Str+2 SH+5}
   (You bought it in a shop on level 6 of the Dungeon)

   [amulet of reflection]

   Reflect:   It reflects blocked missile attacks.
   Str+2:     It affects your strength (+2).
   rF+:       It protects you from fire.
   rElec:     It insulates you from electricity.
   SH+5:      It affects your SH (+5).
Talismans
 w - a dragon-blood talisman
 B - a blade talisman
Wands
 G - a wand of acid (3)
Scrolls
 b - 4 scrolls of noise
 i - a scroll of immolation
 k - 9 scrolls of teleportation
 l - a scroll of torment
 m - a scroll of fog
 o - a scroll of vulnerability
 r - a scroll of fear
 y - a scroll of blinking
Potions
 d - 2 potions of might
 f - a potion of magic
 j - 3 potions of curing
 p - 3 potions of enlightenment
 q - 2 potions of brilliance
 t - 3 potions of lignification
 v - 3 potions of degeneration
 x - a potion of cancellation
 F - 3 potions of attraction
 I - a potion of haste
 L - a potion of resistance
Miscellaneous
 h - a sack of spiders (inert)
 N - a phantom mirror


   Skills:
 + Level 13.5 Fighting
 + Level 19.6 Axes
 + Level 1.7 Ranged Weapons
 + Level 0.7 Throwing
 + Level 13.0 Armour
 + Level 6.5 Dodging
 + Level 2.9 Stealth
 + Level 9.0 Shields
 + Level 0.2 Evocations


You had 12 spell levels left.
You didn't know any spells.
Your spell library contained the following spells:

 Spells                   Type           Power      Damage    Failure   Level
 Apportation              Tloc           0%         N/A       77%         1
 Magic Dart               Conj           0%         1d3       77%         1
 Necrotise                Necr           0%         1d4       77%         1
 Slow                     Hex            0%         N/A       77%         1
 Sting                    Conj/Alch      0%         1d3       77%         1
 Summon Small Mammal      Summ           0%         N/A       77%         1
 Blink                    Tloc           0%         N/A       88%         2
 Lesser Beckoning         Tloc           0%         N/A       88%         2
 Momentum Strike          Conj/Tloc      0%         3d8       88%         2
 Searing Ray              Conj           0%         2d4       88%         2
 Confusing Touch          Hex            0%         N/A       98%         3
 Fugue of the Fallen      Necr           0%         N/A       98%         3
 Ozocubu's Armour         Ice            0%         N/A       98%         3
 Sigil of Binding         Hex            0%         N/A       98%         3
 Vampiric Draining        Necr           0%         2d6       98%         3
 Cause Fear               Hex            0%         N/A       100%        4
 Fulminant Prism          Conj/Alch      0%         3d5       100%        4
 Manifold Assault         Tloc           0%         N/A       100%        4
 Fireball                 Conj/Fire      0%         3d3       100%        5
 Dragon's Call            Summ           0%         N/A       100%        9


Dungeon Overview and Level Annotations

Branches:
Dungeon (10/15)            Temple (1/1) D:5            Lair (0/5) D:8
    Orc (2/2) D:10            Elf (1/3) Orc:2

Altars:
Ashenzari
Cheibriados
Dithmenos
Elyvilon
Fedhas
Gozag
Hepliaklqana
Kikubaaqudgha
Makhleb
Nemelex Xobeh
Okawaru
Qazlal
Ru
Sif Muna
Trog
Uskayaw
Vehumet
Wu Jian
Xom
Yredelemnul
Zin
The Shining One

Shops:
D:5 :!!=*   D:6 *   D:9 :   D:10 ([   Orc:2 :*(*=


Innate Abilities, Weirdness & Mutations

You have a pair of horns on your head.
You reflexively headbutt those who attack you in melee.


Message History

Things that are here:
a +0 short sword; a +0 shortbow; a +0 leather armour The deep elf pyromancer is no longer distracted by gold.
Items here: $ )) [[.
You now have 1029 gold pieces (gained 7).
Things that are here:
a +0 dagger; a +0 leather armour
Items here: $ )) [[.
Things that are here:
a +0 short sword; a +0 shortbow; a +0 leather armour The deep elf pyromancer casts a spell at you.
The pyre arrow hits you.
You are covered in intense liquid fire!
You shake off some of the fire as you move.
The liquid fire burns you!
* * * LOW HITPOINT WARNING * * *
Things that are here:
a +0 short sword; a +0 shortbow; a +0 leather armour You closely miss the deep elf pyromancer.
The liquid fire burns you!
* * * LOW HITPOINT WARNING * * *
The deep elf pyromancer mumbles some strange words.
The deep elf pyromancer blinks!
A deep elf sorcerer comes into view. It is wielding a +0 dagger.
You shake off some of the fire as you move.
The liquid fire burns you!
* * * LOW HITPOINT WARNING * * *
The deep elf sorcerer shouts!
Items here: $ )) [[.
You shake off the liquid fire.
The deep elf sorcerer mumbles some strange words.
The deep elf sorcerer seems to speed up.
Things that are here:
a +0 dagger; a +0 leather armour
There is a stone staircase leading down, spattered with blood here.
You see here 6 gold pieces.
The deep elf sorcerer casts a spell at you.
The bolt of acid hits you!!!
You die...
Your body crumbles into a pile of gold.

##...##.# ### ....##
##.###.# #E○°. ......###
#.# #.#.#e... ........#
#####.###...#e⌠.. ........#
#.........#.#....
........###.###....^..#....
............# ###.#.#.# ##+
........###.###..#..##.# .
.......e)$)>@..#####.(#..
........###...## #.#...
.....$### #...# .. ..
....## #..e# ... .#. #....#
.# ...##.. . ##... .#.#
##.## . . #.# #.


You could see a deep elf sorcerer (fast) and a deep elf pyromancer.

Vanquished Creatures
  An orc warlord (Orc:2)
  A deep elf annihilator (Elf:1)
  An ettin (Orc:2)
  2 hydras (D:10)
  An ogre mage (Orc:2)
  11 two-headed ogres
  A centaur warrior (D:10)
  4 boulder beetles (D:10)
  A dancing weapon (Elf:1)
  An orc high priest (Orc:2)
  2 deep elf knights (Elf:1)
  2 deep elf archers (Elf:1)
  8 orc knights
  9 deep elf pyromancers
  An ugly thing (D:10)
  8 deep elf zephyrmancers (Elf:1)
  An orc sorcerer (Orc:2)
  A cyclops (Orc:2)
  2 manticores (D:10)
  A kobold blastminer (Orc:2)
  A black mamba (shapeshifter) (D:10)
  A gargoyle (D:10)
  A kobold demonologist (D:10)
  An efreet (D:10)
  8 trolls
  A hornet (D:10)
  A polar bear (D:9)
  Grinder (D:5)
  6 saltlings (Orc:2)
  A shadow (D:10)
  26 yaks
  A wraith (D:10)
  An unseen horror simulacrum (D:9)
  A vampire mosquito (D:10)
  A steam dragon (D:9)
  Menkaure (D:7)
  3 acid dragons
  4 water moccasins
  3 sky beasts
  An ice beast (D:9)
  18 orc warriors
  3 ogres
  3 centaurs
  2 wolves (D:9)
  A kobold brigand (D:9)
  2 bullfrogs
  4 gnoll sergeants
  2 scorpions (D:6)
  11 wights
  3 killer bees (D:8)
  An electric eel (D:9)
  A lava snake (D:8)
  6 howler monkeys
  7 orc priests
  A jelly (D:6)
  4 hounds
  A gnoll bouda (D:4)
  A sleepcap (D:5)
  3 iguanas (D:6)
  19 orc wizards
  A centaur simulacrum (D:9)
  12 gnolls
  4 adders
  A shadow imp (D:6)
  2 white imps (D:9)
  An ufetubus (D:9)
  A ribbon worm (D:2)
  A dart slug (D:1)
  57 orcs
  8 endoplasms
  3 giant cockroaches
  11 goblins
  6 hobgoblins
  9 kobolds
  4 quokkas
  13 ball pythons
  5 bats
  8 frilled lizards
  5 rats
368 creatures vanquished.

Vanquished Creatures (collateral kills)
  A deep elf pyromancer (Elf:1)
1 creature vanquished.

Vanquished Creatures (others)
  An arcanist (D:7)
1 creature vanquished.

Grand Total: 370 creatures vanquished

Notes
Turn   | Place    | Note
-------+----------+-------------------------------------------
     0 | D:1      | Fodor the Minotaur Fighter began the quest for the Orb.
     0 | D:1      | Reached XP level 1. HP: 19/19 MP: 0/0
   210 | D:1      | Reached XP level 2. HP: 27/27 MP: 1/1
   386 | D:1      | Found a faded altar of an unknown god.
  1134 | D:2      | Reached XP level 3. HP: 33/33 MP: 2/2
  1164 | D:2      | Reached skill level 3 in Axes
  1210 | D:2      | Reached XP level 4. HP: 35/40 MP: 3/3
  2982 | D:3      | Identified 2 scrolls of acquirement
  3292 | D:4      | Noticed an ogre
  3298 | D:4      | Killed an ogre
  3299 | D:4      | Reached skill level 4 in Axes
  3299 | D:4      | Reached skill level 5 in Armour
  3299 | D:4      | Reached XP level 5. HP: 26/46 MP: 4/4
  3680 | D:4      | Reached skill level 1 in Dodging
  4059 | D:4      | Reached skill level 5 in Axes
  4059 | D:4      | Reached XP level 6. HP: 40/53 MP: 5/5
  4420 | D:5      | Entered Level 5 of the Dungeon
  4846 | D:5      | Noticed Grinder
  4856 | D:5      | Killed Grinder
  4857 | D:5      | Reached skill level 6 in Axes
  4857 | D:5      | Reached XP level 7. HP: 11/60 MP: 6/6
  5081 | D:5      | Found Tish's Jewellery Shop.
  5094 | D:5      | Identified the +14 chain mail "Bumoucze" {rPois}
  5204 | D:5      | Found Ruefaf's Distillery.
  5207 | D:5      | Bought a potion of heal wounds for 60 gold pieces
  5234 | D:5      | Reached skill level 5 in Fighting
  5234 | D:5      | Reached skill level 7 in Axes
  5317 | D:5      | Reached skill level 5 in Shields
  5331 | D:5      | Found Mimmazxe's Book Shoppe.
  5539 | D:5      | Found Ucazxyug's General Store.
  5644 | D:5      | Bought a scroll of poison for 56 gold pieces
  5644 | D:5      | Bought a scroll of teleportation for 42 gold pieces
  5767 | D:5      | Found Kacesax's Distillery.
  5770 | D:5      | Reached XP level 8. HP: 61/69 MP: 7/7
  5786 | D:5      | Bought a potion of curing for 45 gold pieces
  5786 | D:5      | Bought a potion of attraction for 45 gold pieces
  5795 | D:5      | Found a staircase to the Ecumenical Temple.
  5805 | Temple   | Entered the Ecumenical Temple
  6397 | D:6      | Reached skill level 8 in Axes
  6454 | D:6      | Found Vuruim's Assorted Antiques.
  6718 | D:6      | Found a hide-covered altar of Uskayaw.
  6826 | D:6      | Reached skill level 9 in Axes
  6826 | D:6      | Reached skill level 1 in Stealth
  7217 | D:7      | Found a bloodstained altar of Trog.
  7219 | D:7      | Noticed a wizard
  7223 | D:7      | Killed a wizard
  7386 | D:7      | Found a shadowy altar of Dithmenos.
  7402 | D:7      | Reached XP level 9. HP: 74/75 MP: 8/8
  7746 | D:7      | Noticed Menkaure
  7751 | D:7      | Killed Menkaure
  7752 | D:7      | Reached skill level 10 in Axes
  7911 | Temple   | Became a worshipper of Gozag Ym Sagoz the Greedy
  8042 | D:8      | Reached skill level 11 in Axes
  8269 | D:8      | Found an iron altar of Okawaru.
  8364 | D:8      | Reached XP level 10. HP: 68/86 MP: 9/9
  8529 | D:8      | Found a staircase to the Lair.
  8552 | D:8      | Reached skill level 12 in Axes
  8734 | D:6      | Bought a pitted diamond amulet for 115 gold pieces
  8734 | D:6      | Identified the amulet of Foolhardiness {Reflect rElec rF+
                  | Str+2 SH+5} (You bought it in a shop on level 6 of the
                  | Dungeon)
  8734 | D:6      | Bought a puce potion for 20 gold pieces
  8734 | D:6      | Bought a scroll of identify for 46 gold pieces
  8734 | D:6      | Bought a potion of attraction for 69 gold pieces
  8861 | D:8      | Found an ancient bone altar of Kikubaaqudgha.
  8861 | D:8      | Found a shimmering blue altar of Sif Muna.
  8863 | D:8      | Found a radiant altar of Vehumet.
  8868 | D:8      | Got Sif Muna's Vellum of Calling
  9775 | D:9      | Found Fumnafad's Tiny Tomes.
  9820 | D:9      | Noticed a two-headed ogre
  9826 | D:9      | Reached skill level 13 in Axes
  9829 | D:9      | Killed a two-headed ogre
  9898 | D:9      | Found a broken altar of Ashenzari.
  9905 | D:9      | Found a burning altar of Makhleb.
 10011 | D:9      | Found a stormy altar of Qazlal.
 10017 | D:9      | Found a blossoming altar of Fedhas.
 10288 | D:10     | Entered Level 10 of the Dungeon
 10423 | D:10     | Reached XP level 11. HP: 91/97 MP: 10/10
 10441 | D:10     | Reached skill level 10 in Armour
 10471 | D:10     | Noticed an orc knight
 10485 | D:10     | Killed an orc knight
 10486 | D:10     | Reached skill level 14 in Axes
 10560 | D:10     | Found a white marble altar of Elyvilon.
 10602 | D:10     | Noticed a centaur warrior
 10611 | D:10     | Killed a centaur warrior
 10612 | D:10     | Reached skill level 5 in Dodging
 10632 | D:10     | Noticed a deep elf pyromancer
 10632 | D:10     | Noticed a boulder beetle
 10654 | D:10     | Killed a deep elf pyromancer
 10678 | D:10     | Killed a boulder beetle
 10706 | D:10     | Noticed a two-headed ogre
 10710 | D:10     | Killed a two-headed ogre
 10711 | D:10     | Reached skill level 10 in Fighting
 10907 | D:10     | Reached skill level 15 in Axes
 11027 | D:10     | Found Piuwn's Weapon Shoppe.
 11070 | D:10     | Found a staircase to the Orcish Mines.
 11175 | D:10     | Noticed a boulder beetle
 11181 | D:10     | Killed a boulder beetle
 11203 | D:10     | Found an ornate altar of the Wu Jian Council.
 11214 | D:10     | Noticed a deep elf pyromancer
 11220 | D:10     | Killed a deep elf pyromancer
 11223 | D:10     | Noticed a boulder beetle
 11233 | D:10     | Killed a boulder beetle
 11234 | D:10     | Noticed a two-headed ogre
 11244 | D:10     | Noticed a brown ugly thing
 11251 | D:10     | Reached XP level 12. HP: 77/108 MP: 11/11
 11261 | D:10     | Noticed a six-headed hydra
 11623 | D:10     | Acquired 734 gold pieces
 11624 | D:10     | Acquired the scarf of Vampiric Thralls {+Inv, rN+ Regen+
                  | Str-3 SInv}
 11705 | D:10     | Killed a two-headed ogre
 11801 | D:10     | Noticed a five-headed hydra
 11807 | D:10     | Killed a seven-headed hydra
 11808 | D:10     | Reached skill level 16 in Axes
 11850 | D:10     | Found a basalt altar of Yredelemnul.
 11894 | D:10     | Killed an 11-headed hydra
 12017 | D:10     | Noticed a boulder beetle
 12030 | D:10     | Killed a boulder beetle
 12228 | Orc:1    | Entered Level 1 of the Orcish Mines
 12319 | D:10     | Bought the +2 pair of slick slippers {slick, slippery,
                  | EV+4} for 648 gold pieces
 12319 | D:10     | Found the +2 pair of slick slippers {slick, slippery, EV+4}
 12334 | D:10     | Bought a pair of runed gloves for 180 gold pieces
 12350 | Orc:2    | Entered Level 2 of the Orcish Mines
 12389 | Orc:2    | Paralysed by an orc sorcerer for 3 turns
 12499 | Orc:2    | Found Tujot's Book Shop.
 12499 | Orc:2    | Noticed a two-headed ogre
 12499 | Orc:2    | Noticed an orc warlord
 12514 | Orc:2    | Killed an orc warlord
 12514 | Orc:2    | Killed a two-headed ogre
 12515 | Orc:2    | Reached skill level 17 in Axes
 12515 | Orc:2    | Reached skill level 1 in Ranged Weapons
 12545 | Orc:2    | Found Woufautef's Weapon Boutique.
 12545 | Orc:2    | Noticed an orc high priest
 12571 | Orc:2    | Killed an orc high priest
 12572 | Orc:2    | Reached XP level 13. HP: 34/118 MP: 10/12
 12593 | Orc:2    | Found Tuar Ofu's Assorted Antiques.
 12645 | Orc:2    | Noticed an ettin
 12656 | Orc:2    | Killed an ettin
 12679 | Orc:2    | Found Zuteuch's Jewellery Emporium.
 12685 | Orc:2    | Bought the ring "Odaedenk" {Str+6 Int+3} for 690 gold
                  | pieces
 12821 | Orc:2    | Found Narasm's Overcharged Wands.
 12896 | Orc:2    | Reached skill level 18 in Axes
 12922 | Orc:2    | Found a staircase to the Elven Halls.
 13088 | Elf:1    | Entered Level 1 of the Elven Halls
 13108 | Elf:1    | Reached skill level 19 in Axes
 13144 | Elf:1    | Noticed a deep elf annihilator
 13153 | Elf:1    | Killed a deep elf annihilator
 13337 | Elf:1    | Noticed a deep elf sorcerer
 13340 | Elf:1    | Killed from afar by a deep elf sorcerer

Illustrated notes

Levels and vault maps discovered:
D:1:      dpeg_arrival_erosion, layout_basic,
          ebering_ecumenical_altar_petrified, st_stairs_11, minmay_tall_x
D:2:      layout_basic
D:3:      layout_basic, st_stairs_7, hex_intersection
D:4:      layout_loops_corners, serial_forest, infiniplex_forest_3_way,
          infiniplex_forest_zigzag_2, infiniplex_forest_lined_corner,
          infiniplex_forest_end_2, minmay_misc_feat_chi
D:5:      layout_cave_pods, minmay_temple_entry_poolview, serial_shops, shop,
          nicolae_shop_real_fake_doors, nicolae_shop_tiny_statue_garden,
          shop_fountains, nicolae_inconvenience_store, uniq_grinder
D:6:      layout_loops_corners, lemuel_tele_altar, serial_shops, shop
D:7:      layout_basic, trog_wizard, grunt_dithmenos_smoke, uniq_menkaure
D:8:      layout_basic, grunt_temple_overflow_magic_moments,
          okawaru_altar_gauntlet_db, lair_entry_dummy, nicolae_lava_and_water
D:9:      layout_long_grid, grunt_temple_overflow_cloverleaf, serial_ice,
          serial_ice_b, serial_ice_i, serial_ice_f, serial_ice_e,
          nicolae_two_hexagons, kennysheep_cross_room,
          dreamdust_princess_bridge, eino_small_chamber_without_monster,
          nicolae_shop_i_like_small_books_too
D:10:     minmay_the_grid_octo_2x2 [minmay_the_grid_octo_fan_narrow,
          minmay_the_grid_octo_vomiting_pacman, minmay_the_grid_octo_clover,
          minmay_the_grid_octo_prize_ultimate_mussel_roller], layout_basic,
          kennysheep_ying_yang, david_orc_2, serial_shops, shop
Temple:   nicolae_temple_figure_zero
Orc:1:    layout_caves, basic_altar
Orc:2:    hellmonk_orc_salted, layout_caves, nicolae_shop_overcharged_wands
Elf:1:    nicolae_elf_arrival_fired_up, layout_loops_ring,
          minmay_elf_annihilation, serial_sigils_hangedman_etch,
          grunt_ministairs_3

Skill      XL: |  1  2  3  4  5  6  7  8  9 10 11 12 13 |
---------------+----------------------------------------+-----
Shields        | 4 5 6 7 8 9 |  9.0
Armour         | 4 5 6 7 9 11 12 13 | 13.0
Fighting       | 4 5 6 7 9 10 12 13 | 13.5
Axes           | 3 4 5 6 7 9 11 13 15 17 19 | 19.6
Dodging        | 1 2 3 4 5 6 |  6.5
Stealth        | 1 2 |  2.9
Ranged Weapons | 1 |  1.7
Throwing       | |  0.7
Evocations     | |  0.2

Action                     |  1- 3 |  4- 6 |  7- 9 | 10-12 | 13-15 || total
---------------------------+-------+-------+-------+-------+-------++-------
  Melee: War axe           |    73 |   128 |   213 |    85 |       ||   499
         Headbutt          |    10 |    16 |    36 |    66 |    20 ||   148
         Battleaxe         |       |       |       |   276 |   110 ||   386
   Fire: Arbalest          |       |       |       |     2 |     4 ||     6
  Throw: Boomerang         |       |     1 |       |     4 |       ||     5
 Invoke: Call Merchant     |       |       |       |     1 |       ||     1
  Evoke: Sack of spiders   |       |       |       |       |     1 ||     1
    Use: Scroll            |       |     8 |     3 |    22 |       ||    33
         Potion            |       |       |       |     7 |     1 ||     8
   Stab: Distracted        |       |       |       |     2 |     1 ||     3
 Armour: Scale mail        |    54 |    81 |    15 |       |       ||   150
         Chain mail        |       |       |   148 |   485 |    95 ||   728
  Dodge: Dodged            |    35 |    58 |    68 |   266 |    52 ||   479
  Block: Buckler           |    11 |    27 |    40 |    27 |       ||   105
         Other             |       |       |       |   113 |    12 ||   125
         Reflection        |       |       |       |     9 |     1 ||    10
